 Dungeon Crawl Stone Soup version 0.23-a0-636-g0ff605794f (webtiles) character file.

6958 Napalmbreeze the Cleaver (level 10, -1/90 HPs)
             Began as a Minotaur Gladiator on Dec 28, 2018.
             Was an Elder of Okawaru.
             Slain by an unseen horror (6 damage)
             ... on level 9 of the Dungeon.
             The game lasted 00:14:47 (8762 turns).

Napalmbreeze the Cleaver (Minotaur Gladiator)       Turns: 8762, Time: 00:14:49

Health: -1/90      AC: 11    Str: 22    XL:     10   Next: 81%
Magic:  11/13      EV: 20    Int:  5    God:    Okawaru [****..]
Gold:   538        SH:  0    Dex: 16    Spells: 9/9 levels left

rFire    . . .     SeeInvis .   I - +0 battleaxe
rCold    . . .     Gourm    .   (shield currently unavailable)
rNeg     . . .     Faith    .   M - +1 ring mail {MR+}
rPois    +         Spirit   .   c - +0 hat
rElec    .         Reflect  .   g - +1 cloak {rPois}
rCorr    .         Harm     .   (no gloves)
MR       +....                  (no boots)
Stlth    ++........             (no amulet)
HPRegen  0.25/turn              x - +4 ring of dexterity
MPRegen  0.13/turn              w - ring of wizardry

@: heroism, marked
A: retaliatory headbutt, horns 2
a: Heroism, Renounce Religion


You were on level 9 of the Dungeon.
You worshipped Okawaru.
Okawaru was greatly pleased with you.
You were not hungry.

You visited 1 branch of the dungeon, and saw 9 of its levels.
You also visited: Sewer.

You collected 538 gold pieces.

Inventory:

Hand Weapons
 a - a +0 war axe
 I - a +0 battleaxe (weapon)
Missiles
 d - 4 throwing nets (quivered)
Armour
 c - a +0 hat (worn)
 g - a +1 cloak of poison resistance (worn)
 L - a +0 buckler
 M - a +1 ring mail of magic resistance (worn)
Jewellery
 w - a ring of wizardry (right hand)
 x - a +4 ring of dexterity (left hand)
 K - the ring of Plog {rElec Int+4 Slay+1, unknown}
   (You found it on level 9 of the Dungeon)

   [ring of slaying]

   It affects your intelligence (+4).
   It affects your accuracy and damage with ranged weapons and melee attacks
   (+1).
   It insulates you from electricity.
Wands
 r - a wand of digging (7)
 s - a wand of flame (42)
 D - a wand of disintegration (7)
Scrolls
 e - 6 scrolls of teleportation {unknown}
 i - 6 scrolls of identify {unknown}
 m - 2 scrolls of remove curse {unknown}
 n - a scroll of noise {unknown}
 o - 3 scrolls of fear {unknown}
 t - 2 scrolls of enchant armour {unknown}
 u - 3 scrolls of blinking {unknown}
 y - a scroll of magic mapping {unknown}
 z - a scroll of torment {unknown}
 A - a scroll of fog {unknown}
 C - 2 scrolls of amnesia {unknown}
 J - a scroll of vulnerability {unknown}
Potions
 b - a potion of invisibility {unknown}
 h - 15 potions of degeneration
 j - a potion of haste {unknown}
 k - 2 potions of resistance {unknown}
 l - 2 potions of lignification {unknown}
 p - a potion of heal wounds
 q - 3 potions of curing {unknown}
 v - a potion of cancellation {unknown}
 B - 3 potions of might {unknown}
 E - 2 potions of brilliance {unknown}
 F - a potion of berserk rage {unknown}
Comestibles
 f - 12 rations


   Skills:
 + Level 8.8(13.8) Fighting
 + Level 10.4(15.4) Axes
 - Level 2.0(7.0) Throwing
 - Level 8.0(13.0) Armour
 - Level 8.0(13.0) Dodging
 + Level 6.6 Invocations
 + Level 4.5 Evocations


You had 9 spell levels left.
You didn't know any spells.
Your spell library contained the following spells:

 Spells                   Type           Power        Failure   Level  Hunger
 Confusing Touch          Hex            #.....       28%         1    ##.....
 Confuse                  Hex            #.......     63%         3    ####...
 Gell's Gravitas          Tloc           #.........   63%         3    ####...
 Petrify                  Tmut/Erth      #.......     95%         4    #####..
 Metabolic Englaciation   Hex/Ice        #.........   100%        5    ######.
 Yara's Violent Unravell  Hex/Tmut       #.........   100%        5    ######.


Dungeon Overview and Level Annotations

Branches:
Dungeon (9/15)             Temple (0/1) D:7
   Lair: D:8-11         Orc: D:9-12

Altars:
Ashenzari
Cheibriados
Dithmenos
Elyvilon
Fedhas
Hepliaklqana
Kikubaaqudgha
Nemelex Xobeh
Okawaru
Ru
Sif Muna
Trog
Vehumet
Zin
The Shining One

Annotations:
D:8 1 runed door, endorz's ghost, novice MiBe


Innate Abilities, Weirdness & Mutations

You reflexively headbutt those who attack you in melee.
You have a pair of horns on your head.


Message History

A hound comes into view.
A killer bee comes into view.
Unknown command.
You miss something. You headbutt something.
Something hits you but does no damage. Something hits you.
* * * LOW HITPOINT WARNING * * *
Something hits you!
* * * LOW HITPOINT WARNING * * *
Unknown command.
You feel much better. Something misses you. Something barely misses you.
The wight completely misses you. Something hits you!
* * * LOW HITPOINT WARNING * * *
Unknown command.
You hit the wight. Your headbutt misses the wight.
The wight is heavily damaged.
You slash something! Something hits you!
* * * LOW HITPOINT WARNING * * *
Something hits you.
* * * LOW HITPOINT WARNING * * *
The wight misses you. Something hits you.
You die...

.
#$.#.......#..#..#.......
...
..5..###.....#..(...##.#
...###...
#.....###.....<..#
....z...#
#..#.........#####
........#######.........#
.......5#..#..#........##
.<.....†...#......######
........÷.###....##
....>....yy{@...##
####.#....hz.####
#.######### .. ##


You could see a hound, 2 killer bees and a wight.

Vanquished Creatures
  Pikel (D:9)
  A manticore (D:8)
  A troll (D:9)
  2 hippogriffs
  A spriggan (D:7)
  6 yaks (D:9)
  2 hungry ghosts
  A steam dragon (D:9)
  5 water moccasins
  2 phantoms (D:9)
  3 orc warriors
  5 sky beasts
  An ice beast (D:6)
  4 ogres
  3 slaves (D:9)
  A necrophage (D:7)
  A centaur (D:8)
  2 big kobolds
  3 bullfrogs
  A gnoll sergeant (D:9)
  4 scorpions
  A water moccasin skeleton (D:8)
  6 crimson imps
  2 bullfrog zombies
  A quasit (D:5)
  2 bullfrog skeletons
  4 orc priests
  5 hounds
  Crazy Yiuf (D:6)
  A centaur skeleton (D:4)
  Terence (D:2)
  2 iguanas
  5 orc wizards
  4 worker ants
  A hound zombie (D:5)
  3 hound skeletons
  10 gnolls
  16 adders
  4 shadow imps
  2 oozes
  2 adder skeletons
  7 worms
  2 dart slugs
  4 leopard geckos
  25 orcs
  3 ball pythons
  10 giant cockroaches
  3 hobgoblins
  18 jackals
  29 kobolds
  5 quokkas
  7 bats
  15 frilled lizards
  A giant cockroach zombie (D:6)
  10 goblins
  A leopard gecko zombie (D:7)
  2 quokka zombies
  24 rats
  A plant (D:4)
290 creatures vanquished.

Vanquished Creatures (others)
  A slave (D:9)
  A crimson imp (D:9)
  A worker ant (D:4)
3 creatures vanquished.

Grand Total: 293 creatures vanquished

Notes
Turn   | Place    | Note
-------+----------+-------------------------------------------
     0 | D:1      | Napalmbreeze the Minotaur Gladiator began the quest for the
                  | Orb.
     0 | D:1      | Reached XP level 1. HP: 18/18 MP: 0/0
   179 | D:1      | Reached skill level 4 in Axes
   179 | D:1      | Reached XP level 2. HP: 20/25 MP: 1/1
   307 | D:1      | Reached skill level 1 in Armour
   486 | D:2      | Reached XP level 3. HP: 20/30 MP: 2/2
   687 | D:2      | Found a shadowy altar of Dithmenos.
  1277 | D:2      | Found a white marble altar of Elyvilon.
  1429 | D:2      | Reached XP level 4. HP: 38/38 MP: 3/3
  1452 | D:2      | Noticed Terence
  1455 | D:2      | Found a snail-covered altar of Cheibriados.
  1461 | D:2      | Killed Terence
  1581 | D:2      | Reached skill level 5 in Axes
  1801 | D:3      | Reached XP level 5. HP: 34/45 MP: 4/4
  2159 | D:3      | Found a glowing drain.
  2169 | Sewer    | Entered a sewer
  2476 | Sewer    | Reached XP level 6. HP: 40/52 MP: 5/5
  2480 | Sewer    | Reached skill level 6 in Axes
  3067 | D:3      | Found a glowing silver altar of Zin.
  3140 | D:3      | Found an iron altar of Okawaru.
  3161 | D:3      | Became a worshipper of Warmaster Okawaru
  3299 | D:4      | Found an ancient bone altar of Kikubaaqudgha.
  3309 | D:4      | Noticed a hippogriff
  3333 | D:4      | Killed a hippogriff
  3333 | D:4      | Reached XP level 7. HP: 24/60 MP: 6/6
  3533 | D:4      | Found a shattered altar of Ashenzari.
  3541 | D:4      | Found a radiant altar of Vehumet.
  3589 | D:4      | Reached skill level 5 in Dodging
  3594 | D:4      | Reached skill level 7 in Axes
  3642 | D:4      | Reached skill level 5 in Fighting
  4050 | D:4      | Found a bloodstained altar of Trog.
  4270 | D:5      | Entered Level 5 of the Dungeon
  4403 | D:5      | Found a sparkling altar of Nemelex Xobeh.
  4407 | D:5      | Found a blossoming altar of Fedhas.
  4410 | D:5      | Found a sacrificial altar of Ru.
  4462 | D:5      | Reached skill level 1 in Invocations
  4462 | D:5      | Reached * piety under Okawaru
  4462 | D:5      | Reached XP level 8. HP: 53/69 MP: 6/8
  4724 | D:5      | Reached skill level 8 in Axes
  4821 | D:5      | Found a deep blue altar of Sif Muna.
  5092 | D:5      | Found a glowing golden altar of the Shining One.
  5240 | D:6      | Found a blossoming altar of Fedhas.
  5306 | D:6      | Reached skill level 5 in Armour
  5364 | D:6      | Found a hazy altar of Hepliaklqana.
  5446 | D:6      | Found a runed door.
  5579 | D:6      | Noticed Crazy Yiuf
  5582 | D:6      | Killed Crazy Yiuf
  5863 | D:7      | Noticed a hippogriff
  5937 | D:7      | Killed a hippogriff
  5937 | D:7      | Reached skill level 9 in Axes
  5963 | D:7      | Reached ** piety under Okawaru
  6046 | D:7      | Reached XP level 9. HP: 78/78 MP: 10/10
  6423 | D:7      | Reached skill level 10 in Axes
  6547 | D:7      | Found a staircase to the Ecumenical Temple.
  6739 | D:8      | Reached *** piety under Okawaru
  6848 | D:8      | Found a runed door.
  6848 | D:8      | Noticed endorz's ghost (novice MiBe)
  6848 | D:8      | Noticed a cyclops
  6851 | D:8      | Found the +5 pair of quick blades "Gyre" and "Gimble"
                  | {pierce, Dex-3}
  7231 | D:8      | Noticed a manticore
  7246 | D:8      | Killed a manticore
  7438 | D:9      | Noticed Pikel
  7451 | D:8      | Reached XP level 10. HP: 18/88 MP: 9/12
  7778 | D:9      | Killed Pikel
  7850 | D:9      | Got a coiled wooden ring
  7870 | D:9      | Reached **** piety under Okawaru
  7874 | D:9      | Reached skill level 5 in Invocations
  8192 | D:9      | Identified Nearucaf's Almanac of Warped Conjuration
  8760 | D:9      | HP: 4/90 [something (10)]
  8762 | D:9      | Slain by an unseen horror

Vault maps used:
D:1:      ncdulo_smallfort, chequers_serial_rivers_micro_a
D:2:      elyvilon_altar_1, lemuel_coloured_pillars_altar,
          grunt_dithmenos_smoke, uniq_terence
D:3:      zin_statuary, okawaru_trees_2, cheibrodos_sewer_entry_bend,
          corner_web_ring, minmay_rat_hole
D:4:      kennysheep_kobold_camp, lemuel_round_altar, kennysheep_mini,
          fiery_altar_vehumet, nicolae_ashenzari_panopticon, first_ration
D:5:      led_sif_pool, minitemple, nicolae_tso_swordbearing_angel
D:6:      lemuel_crystal_altar, basic_altar, uniq_crazy_yiuf_cottage
D:7:      minmay_temple_entry_butterflies, the_bakery,
          kennysheep_generic_room_15
D:8:      enter_bailey_7, ebering_ghost_inner_flame
D:9:      hangedman_cross_cluster, marbit_many_paths, lair_entry_dummy,
          serial_shops, shop, uniq_pikel
Sewer:    sewer_frog_island_01

Skill      XL: |  1  2  3  4  5  6  7  8  9 10 |
---------------+-------------------------------+-----
Axes           | 4 5 6 7 9 10 | 10.4
Armour         | 1 2 3 4 5 7 8 |  8.0
Fighting       | 3 4 5 6 8 |  8.8
Dodging        | 4 5 6 7 8 |  8.0
Invocations    | 1 3 4 6 |  6.6
Evocations     | 4 |  4.5
Throwing       | |  2.0

Action                   |  1- 3 |  4- 6 |  7- 9 | 10-12 || total
-------------------------+-------+-------+-------+-------++-------
Melee: War axe           |    78 |   139 |   338 |       ||   555
       Headbutt          |    10 |    20 |    79 |    30 ||   139
       Battleaxe         |       |       |       |   120 ||   120
Invok: Heroism           |       |       |     3 |     5 ||     8
  Use: Potion            |       |       |       |     3 ||     3
 Stab: Distracted        |     1 |       |       |       ||     1
  Eat: Chunk             |     2 |     2 |     9 |     4 ||    17
       Ration            |       |     1 |     3 |       ||     4
Armor: Leather armour    |    10 |       |       |       ||    10
       Ring mail         |    14 |     6 |       |    37 ||    57
       Scale mail        |       |    65 |   103 |       ||   168
       Chain mail        |       |       |    17 |    37 ||    54
Dodge: Dodged            |    54 |   111 |   208 |   130 ||   503

Table legend:
 A = Non-vault XP
 B = Vault XP
 C = Vault XP percentage of total XP
 D = Non-vault monster count
 E = Vault monster count
 F = Vault count percentage of total count
                 A         B        C        D         E       F
            +---------+---------+-------+---------+---------+-------
      Total |    6907 |    3034 |  30.5 |     200 |      86 |  30.1
            +---------+---------+-------+---------+---------+-------
        D:1 |      30 |       0 |   0.0 |      19 |       0 |   0.0
        D:2 |      84 |      38 |  31.1 |      24 |       1 |   4.0
        D:3 |     111 |      30 |  21.3 |      24 |      21 |  46.7
        D:4 |     524 |     127 |  19.5 |      24 |      21 |  46.7
        D:5 |     498 |       0 |   0.0 |      18 |       0 |   0.0
        D:6 |     350 |      39 |  10.0 |      16 |       1 |   5.9
        D:7 |    1497 |     353 |  19.1 |      21 |       2 |   8.7
        D:8 |    1644 |      45 |   2.7 |      24 |       4 |  14.3
        D:9 |    2169 |    2177 |  50.1 |      30 |      18 |  37.5
      Sewer |       0 |     225 | 100.0 |       0 |      18 | 100.0
            +---------+---------+-------+---------+---------+-------
